AoeStats
← Bigcityboydn_™

Arabia

507685387Analyzed
1v1 RM · 14d ago on Sep 19, 2026· 31m 16s· 2 players
Game mode
Random Map
Map size
Tiny (2 player)
Population
200
Speed
Normal
Resources
Standard
Victory
Conquest
Starting age
Dark Age
Ending age
Imperial Age
RankedLock teamsTeams togetherTeam positionsShared explorationLock speedFull tech treeHidden civsTurbo modeCheats
Victory
Defeat
🇦🇷 Magyars · Argentina
1616
+15
🇹🇼 Persians · Taiwan
1605
-15
Cosmosdd
6:13 Loom
8:31 Feudal Age
9:00 Double-Bit Axe
10:47 Horse Collar
17:52 Wheelbarrow
20:23 Castle Age
19:06 Gold Mining
19:08 Fletching
20:52 Bloodlines
20:52 Bodkin Arrow
22:14 Bow Saw
22:55 Padded Archer Armor
25:56 Husbandry
27:01 Leather Archer Armor
28:04 Parthian Tactics
29:27 Ballistics
31:15 Hand Cart
Bigcityboydn_™
5:35 Loom
8:31 Feudal Age
9:05 Double-Bit Axe
13:16 Horse Collar
19:55 Castle Age
17:56 Gold Mining
18:48 Bloodlines
19:22 Fletching
19:33 Padded Archer Armor
20:38 Padded Archer Armor
20:36 Bodkin Arrow
21:06 Padded Archer Armor
21:07 Husbandry
21:38 Bow Saw
21:30 Town Watch
25:07 Wheelbarrow
25:14 Ballistics
27:02 Thumb Ring
28:29 Leather Archer Armor
32:11 Hand Cart
Connection lost

Rejoining the realm…

Still unreachable

The connection could not be restored.

Session expired

The server has moved on; the page needs a fresh start.